 Dungeon Crawl Stone Soup version 0.29-a0-330-g52719c12eb (webtiles) character file.

Game seed: 13784135007681218861

23 zishaf the Chiller (level 3, -7/35 HPs)
             Began as an Ogre Ice Elementalist on Apr 12, 2022.
             Was an Initiate of Gozag.
             Mangled by an iguana (11 damage)
             ... on level 2 of the Dungeon.
             The game lasted 00:02:11 (1515 turns).

zishaf the Chiller (Ogre Ice Elementalist)          Turns: 1515, Time: 00:02:12

Health: -7/35      AC:  3    Str: 12    XL:     3   Next: 0%
Magic:  5/7        EV:  9    Int: 18    God:    Gozag
Gold:   114        SH:  0    Dex:  9    Spells: 6/7 levels left

rFire   . . .      SeeInvis .   j - +2 whip (venom)
rCold   . . .      Faith    .   (no shield)
rNeg    . . .      Spirit   .   a - +0 robe
rPois   .          Reflect  .   (helmet restricted)
rElec   .          Harm     .   (no cloak)
rCorr   .          Rampage  .   (gloves unavailable)
Will    .....                   (boots unavailable)
Stlth   +.........              (no amulet)
HPRegen 0.11/turn               (no ring)
MPRegen 0.10/turn               (no ring)

@: no status effects
A: large, unfitting armour, tough skin 1
a: Renounce Religion, Potion Petition, Call Merchant, Bribe Branch


You were on level 2 of the Dungeon.
You worshipped Gozag.
Gozag was aware of your devotion.
You visited 1 branch of the dungeon, and saw 2 of its levels.

You collected 114 gold pieces.

Inventory:

Hand Weapons
 j - a +2 whip of venom (weapon)
Armour
 a - a +0 robe (worn)
Scrolls
 c - a scroll of magic mapping {unknown}
 f - a scroll of immolation {unknown}
 h - a scroll of teleportation {unknown}
 i - a scroll of identify {unknown}
Potions
 b - a potion of magic
 d - 3 potions of lignification {unknown}
 e - a potion of invisibility {unknown}
 g - 2 potions of curing {unknown}


   Skills:
 + Level 1.7 Fighting
 - Level 1.7 Dodging
 - Level 1.4 Stealth
 + Level 2.9 Spellcasting
 + Level 3.9 Ice Magic


You had 6 spell levels left.
You knew the following spells:

 Your Spells              Type           Power      Damage    Failure   Level
a - Freeze                Ice            64%        1d8       3%          1

Your spell library contained the following spells:

 Spells                   Type           Power      Damage    Failure   Level
 Frozen Ramparts          Ice            32%        1d5       10%         3
 Ozocubu's Armour         Ice            16%        N/A       10%         3
 Hailstorm                Conj/Ice       9%         3d4       58%         4


Dungeon Overview and Level Annotations

Branches:
Dungeon (2/15)

Altars:
Gozag

Shops:
D:2 *


Innate Abilities, Weirdness & Mutations

You are too large for most types of armour.
You have tough skin. (AC +1)


Message History

You see here a +2 whip of venom.
j - a +2 whip of venom Your +2 whip of venom begins to drip with poison!
j - a +2 whip of venom (weapon)
Found Noyff's General Store.
Found an escape hatch in the ceiling.
Found a stone staircase leading down.
There is an escape hatch in the ceiling here.
There is an entrance to Noyff's General Store here.
You can access your shopping list by pressing '$'.
There is an escape hatch in the ceiling here.
A rat comes into view.
An iguana comes into view.
The iguana hisses angrily.
The rat barely misses you. The iguana closely misses you.
You barely miss the iguana. The rat bites you but does no damage.
The iguana bites you.
You barely miss the iguana. The rat closely misses you. The iguana bites you!
You hit the iguana.
The iguana is poisoned.
The iguana is lightly wounded.
The rat bites you but does no damage. The iguana bites you!
Casting: Freeze (safe; 3% risk of failure)
Confirm with . or Enter, or press ? or * to list all spells.
Aiming: Freeze (safe; 3% risk of failure)
Press: ? - help, Shift-Dir - straight line, f - iguana
Aim: an iguana (lightly wounded, very poisoned)
You freeze the iguana.
The iguana is heavily wounded.
The rat barely misses you. The iguana bites you!
* * * LOW HITPOINT WARNING * * *
Casting: Freeze (safe; 3% risk of failure)
Confirm with . or Enter, or press ? or * to list all spells.
Aiming: Freeze (safe; 3% risk of failure)
Press: ? - help, Shift-Dir - straight line, f/p - iguana
Aim: an iguana (heavily wounded, very poisoned)
You freeze the iguana.
The iguana is severely wounded.
The iguana seems to slow down.
The rat bites you but does no damage. The iguana bites you!
You die...
Your body crumbles into a pile of gold.

. #. ##### ## ##.......
## #. #.#.#.#.#.#.#.#.#
##. ................ #..
#.#.#.#.#.#.#.#.## ##.
......l.r........ #..
#.#@# #.#> #..
###.######..# #..
#####.8.<.∩.8.#.########.
........#####............
#######.......########...
######### ####


You could see an iguana (very poisoned, slow) and a rat.

Vanquished Creatures
  A dart slug (D:1)
  2 bats (D:1)
  2 endoplasms
  2 goblins
  5 jackals (D:1)
  2 ball pythons
  6 kobolds
20 creatures vanquished.

Vanquished Creatures (others)
  2 plants (D:1)
  3 toadstools (D:2)
5 creatures vanquished.

Grand Total: 25 creatures vanquished

Notes
Turn   | Place    | Note
-------+----------+-------------------------------------------
     0 | D:1      | zishaf the Ogre Ice Elementalist began the quest for the
                  | Orb.
     0 | D:1      | Reached XP level 1. HP: 16/16 MP: 3/3
   346 | D:1      | Reached skill level 1 in Fighting
   388 | D:1      | Found a faded altar of an unknown god.
   489 | D:1      | Reached XP level 2. HP: 27/27 MP: 2/5
   530 | D:1      | Prayed at the altar of an unknown god.
   530 | D:1      | Became a worshipper of Gozag Ym Sagoz the Greedy
  1473 | D:2      | Reached XP level 3. HP: 35/35 MP: 5/7
  1492 | D:2      | Found Noyff's General Store.
  1515 | D:2      | Mangled by an iguana

Illustrated notes

Levels and vault maps discovered:
D:1:      roderic_crop_circles_arrival_small, layout_basic,
          dreamdust_ecumenical_altar_grove
D:2:      wad_lake_hut, layout_basic, serial_shops, shop, nicolae_shop_trees,
          shop_statue, minmay_gold_behind_fungi, st_stairs_13,
          minmay_increasing_density

Skill      XL: |  1 |
---------------+----+-----
Fighting       | 1 |  1.7
Dodging        | |  1.7
Stealth        | |  1.4
Spellcasting   | |  2.9
Ice Magic      | |  3.9

Action                   || total
-------------------------++-------
Melee: Unarmed           ||    16
       Whip              ||     3
 Cast: Freeze            ||    34
Armor: Robe              ||    17
Dodge: Dodged            ||    25

Table legend: (Time is in decaauts)
 A = Elapsed time spent in this place.
 B = Non-inter-level travel time spent in this place.
 C = Inter-level travel time spent in this place.
 D = Time resting spent in this place.
 E = Time spent auto-exploring this place.
 F = Levels seen in this place.
 G = Mean time per level.
                   A        B        C        D        E       F      G
               +--------+--------+--------+--------+--------+-----+--------+
         Total |   1514 |   1385 |    129 |     42 |   1180 |   2 |  757.0 |
       Dungeon |   1514 |   1385 |    129 |     42 |   1180 |   2 |  757.0 |
               +--------+--------+--------+--------+--------+-----+--------+

Top non-repeatable levels by time:
     D:1: 1279 daAuts
     D:2: 235 daAuts
